 Dungeon Crawl Stone Soup version 0.30-a0-177-g1cb5dbfd7a (webtiles) character file.

Game seed: 15752115912259688713

2180 KennySheep the Fighter (level 9, -6/106 HPs)
             Began as an Ogre Fighter on Oct 3, 2022.
             Was an Initiate of Gozag.
             Mangled by a killer bee (7 damage)
             ... on level 5 of the Dungeon.
             The game lasted 00:15:05 (4639 turns).

KennySheep the Fighter (Ogre Fighter)               Turns: 4639, Time: 00:15:06

Health: -6/106     AC:  4    Str: 26    XL:     9   Next: 33%
Magic:  9/9        EV:  9    Int:  9    God:    Gozag
Gold:   301        SH:  7    Dex:  8    Spells: 8/8 levels left

rFire   . . .      SeeInvis .    a - +0 flail (protect)
rCold   . . .      Faith    .    c - +0 kite shield
rNeg    . . .      Spirit   .    b - +1 robe
rPois   .          Reflect  .    (helmet restricted)
rElec   .          Harm     .    (no cloak)
rCorr   .          Rampage  .    (gloves unavailable)
Will    .....                    (boots unavailable)
Stlth   +.........               l - amulet of regeneration
HPRegen 1.17/turn                (no ring)
MPRegen 0.11/turn                (no ring)

@: lethally poisoned (-6 -> -8)
A: large, unfitting armour, tough skin 1
a: Renounce Religion, Potion Petition, Call Merchant, Bribe Branch


You were on level 5 of the Dungeon.
You worshipped Gozag.
Gozag was aware of your devotion.
You visited 1 branch of the dungeon, and saw 6 of its levels.
You also visited: Sewer.

You collected 1046 gold pieces.
You spent 745 gold pieces at shops.

Inventory:

Hand Weapons
 a - a +0 flail of protection (weapon)
 B - a +2 vorpal flail
Armour
 b - a +1 robe (worn)
 c - a +0 kite shield (worn)
Jewellery
 f - an amulet of reflection
 l - an amulet of regeneration (around neck)
Wands
 z - a wand of paralysis (10)
 A - a wand of flame (16)
Scrolls
 g - 2 scrolls of poison
 h - a scroll of immolation {unknown}
 j - a scroll of amnesia
 m - 2 scrolls of teleportation
 s - 3 scrolls of vulnerability
 u - a scroll of enchant weapon {unknown}
 w - a scroll of fear {unknown}
 x - a scroll of enchant armour
 y - a scroll of blinking
 C - a scroll of brand weapon
Potions
 d - a potion of might
 i - 2 potions of brilliance {unknown}
 k - 3 potions of curing
 n - 2 potions of attraction {unknown}
 o - a potion of haste {unknown}
 p - a potion of heal wounds
 q - a potion of resistance
 r - 4 potions of lignification {unknown}
 t - a potion of flight {unknown}
 v - 2 potions of mutation {unknown}


   Skills:
 + Level 11.6 Fighting
 * Level 11.0 Maces & Flails
 + Level 3.7 Throwing
 + Level 4.5 Dodging
 - Level 3.0 Shields


You had 8 spell levels left.
You didn't know any spells.
Your spell library contained the following spells:

 Spells                   Type           Power      Damage    Failure   Level
 Apportation              Tloc           0%         N/A       67%         1
 Freeze                   Ice            0%         1d3       67%         1
 Necrotise                Necr           0%         1d4       67%         1
 Summon Small Mammal      Summ           0%         N/A       67%         1
 Dazzling Flash           Conj/Hex       0%         N/A       96%         3
 Frozen Ramparts          Ice            0%         1d1       96%         3
 Hailstorm                Conj/Ice       0%         3d3       96%         3
 Anguish                  Hex/Necr       0%         N/A       100%        4
 Agony                    Necr           0%         N/A       100%        5
 Arcjolt                  Conj/Air       0%         1d10      100%        5
 Iskenderun's Battlesphe  Conj           0%         2d6       100%        5
 Silence                  Hex/Air        0%         N/A       100%        5
 Iron Shot                Conj/Erth      0%         9d1       100%        6
 Enfeeble                 Hex            0%         N/A       100%        7
 Spellforged Servitor     Conj/Summ      0%         N/A       100%        7


Dungeon Overview and Level Annotations

Branches:
Dungeon (6/15)             Temple (0/1) D:6           Sewer (visited)

Altars:
Gozag
Nemelex Xobeh

Shops:
D:2 !   D:3 *   D:5 :

Annotations:
D:5 2 transporters, LnG's ghost, amateur KoSu
D:6 3 runed translucent doors, a11behringer's ghost, novice MiFi


Innate Abilities, Weirdness & Mutations

You are too large for most types of armour.
You have tough skin. (AC +1)


Message History

Your butterfly dies!
Your butterfly disappears in a burst of colours!
The killer bee barely misses your butterfly.
The killer bee stings you.
* * * LOW HITPOINT WARNING * * *
The hound closely misses your butterfly.
You feel sick. Something misses your butterfly.
The killer bee stings your butterfly.
Your butterfly dies!
Your butterfly disappears in a burst of colours!
Something closely misses your butterfly.
The killer bee stings you.
* * * LOW HITPOINT WARNING * * *
Something misses your butterfly.
The killer bee barely misses your butterfly.
There is an escape hatch in the ceiling here.
You feel sick. Something misses your butterfly.
The killer bee misses your butterfly. The killer bee closely misses you.
The killer bee stings you.
* * * LOW HITPOINT WARNING * * *
The hound bites your butterfly.
Your butterfly dies!
Your butterfly disappears in a burst of colours!
Something closely misses your butterfly.
The killer bee barely misses you. x2; The hound misses your butterfly.
The white imp barely misses your butterfly.
A mysterious force pulls you upwards. The hatch slams shut behind you.
Your summoned allies are left behind.
Level annotation: 2 transporters, LnG's ghost, amateur KoSu You feel sick.
You miss the killer bee.
The killer bee is almost dead.
You feel sick. The killer bee stings you.
* * * LOW HITPOINT WARNING * * *
The killer bee misses you. The killer bee stings you.
* * * LOW HITPOINT WARNING * * *
You are lethally poisoned!
The killer bee poisons you! The killer bee stings you!
You die...
Your body crumbles into a pile of gold.

#.####.# #...##......########
###......###.#.##..)##........#
....................))).......#
.#######..################....#
.# ##....#....#~.....#..#...##
.# #.##..#.[..#~.)......#...#
.# #.###.#..######.###..#P..#
.# #.###.#.........#)##.###.#
.# ##....##...y@......#...#.#
.#######..#)...y...........#.#
..........#######..#########.#
##.#.#.##....................#
#...#.###.#.###.#.........#.#
#..##.# #.......#..###.##...#
#..##.# ###'#####..##..##.###
#..##.# ##...## #..##.###.#
#.....###.....###..##.###.#


You could see 2 killer bees.

Vanquished Creatures
  Sigmund (D:5)
  Edmund (D:5)
  2 water moccasins (D:5)
  A sky beast (D:6)
  An ogre (D:4)
  4 black bears
  A scorpion (D:6)
  A necrophage (D:5)
  A killer bee (D:6)
  A jelly (D:5)
  4 hounds (D:5)
  3 orc priests
  An orc wizard (D:5)
  A hell rat (Sewer)
  7 adders
  5 gnolls
  A river rat (Sewer)
  An ufetubus (D:4)
  A worm (D:5)
  4 dart slugs
  17 orcs
  7 ball pythons
  7 endoplasms
  7 giant cockroaches
  7 goblins
  11 hobgoblins
  8 jackals
  2 quokkas (D:4)
  5 bats (D:1)
  5 frilled lizards
  3 kobolds
  10 rats
131 creatures vanquished.

Vanquished Creatures (others)
  A plant (D:5)
1 creature vanquished.

Grand Total: 132 creatures vanquished

Notes
Turn   | Place    | Note
-------+----------+-------------------------------------------
     0 | D:1      | KennySheep the Ogre Fighter began the quest for the Orb.
     0 | D:1      | Reached XP level 1. HP: 24/24 MP: 1/1
    64 | D:1      | Found a faded altar of an unknown god.
    72 | D:1      | Prayed at the altar of an unknown god.
    72 | D:1      | Became a worshipper of Gozag Ym Sagoz the Greedy
   114 | D:1      | Reached XP level 2. HP: 32/32 MP: 2/2
   439 | D:1      | Reached XP level 3. HP: 40/40 MP: 3/3
   463 | D:1      | Reached skill level 1 in Throwing
  1066 | D:2      | Reached XP level 4. HP: 49/49 MP: 4/4
  1480 | D:2      | Identified the +1 rapier "Goblin's Funeral" {vamp, Int+4}
  1508 | D:2      | Found Uruum's Distillery.
  1515 | D:2      | Bought 2 potions of curing for 66 gold pieces
  1515 | D:2      | Bought a potion of heal wounds for 55 gold pieces
  1515 | D:2      | Bought a potion of degeneration for 11 gold pieces
  1588 | D:3      | Found Gadeasha's Assorted Antiques.
  1596 | D:3      | Bought an emerald potion for 20 gold pieces
  1596 | D:3      | Bought a scroll labelled WODAIZ VIJO for 23 gold pieces
  1596 | D:3      | Bought a cyan potion for 20 gold pieces
  1739 | D:3      | Identified the +4 ring mail "Bautsumu" {*Slow +Inv Slay+6}
  2202 | D:3      | Reached XP level 5. HP: 22/55 MP: 5/5
  2212 | D:3      | Reached skill level 5 in Fighting
  2491 | D:4      | Found a glowing drain.
  2517 | D:4      | Found a sparkling altar of Nemelex Xobeh.
  2566 | Sewer    | Entered a sewer
  2721 | D:4      | Reached XP level 6. HP: 62/62 MP: 6/6
  3109 | D:4      | Noticed a black bear
  3118 | D:5      | Entered Level 5 of the Dungeon
  3206 | D:4      | Killed a black bear
  3207 | D:4      | Reached XP level 7. HP: 68/74 MP: 7/7
  3309 | D:2      | Bought a potion of experience for 550 gold pieces
  3309 | D:2      | Reached skill level 10 in Maces & Flails
  3309 | D:2      | Reached XP level 8. HP: 97/97 MP: 8/8
  3577 | D:5      | Found a transporter.
  3577 | D:5      | Noticed LnG's ghost (amateur KoSu)
  3987 | D:5      | Noticed Sigmund
  3998 | D:5      | Killed Sigmund
  4011 | D:5      | Noticed Edmund
  4028 | D:5      | Killed Edmund
  4125 | D:5      | Reached XP level 9. HP: 102/105 MP: 9/9
  4310 | D:5      | Found a transporter.
  4342 | D:5      | Found Tiniumots's Book Shop.
  4508 | D:6      | Found a runed translucent gate.
  4510 | D:6      | Found a runed translucent gate.
  4514 | D:6      | Noticed a boulder beetle
  4516 | D:6      | Noticed a11behringer's ghost (novice MiFi)
  4535 | D:6      | Found a runed translucent gate.
  4613 | D:6      | Found a staircase to the Ecumenical Temple.
  4639 | D:5      | HP: 1/106 [killer bee (5)]
  4639 | D:5      | Mangled by a killer bee

Illustrated notes

Levels and vault maps discovered:
D:1:      saegor_arrival_simple_a, layout_basic,
          shapermc_ecumenical_altar_starsandcircs, minmay_split_cup_small
D:2:      layout_loops_ring, serial_shops, nicolae_lakefront_shop,
          kennysheep_path_1
D:3:      layout_loops_corners, serial_shops, nicolae_shop_crystal,
          minmay_statues_item
D:4:      layout_rooms, nemelex_xobeh_ov_fountains_minmay,
          gup_sewer_entry_glass, kennysheep_dice
D:5:      black_bear_nest_1, layout_loops_corners, serial_shops, shop,
          gammafunk_ghost_arena, sigmund_edmund_badplayer
D:6:      layout_basic, minmay_temple_entry_tees, serial_shops,
          kennysheep_mini_moat, gammafunk_ghost_split

Skill      XL: |  1  2  3  4  5  6  7  8  9 |
---------------+----------------------------+-----
Maces & Flails | 2 3 4 10 11 | 11.0
Throwing       | 1 2 3 |  3.7
Dodging        | 3 4 |  4.5
Fighting       | 5 11 | 11.6
Shields        | |  3.0

Action                   |  1- 3 |  4- 6 |  7- 9 || total
-------------------------+-------+-------+-------++-------
Melee: Flail             |   119 |   219 |   129 ||   467
  Use: Scroll            |     1 |     7 |     1 ||     9
       Potion            |       |     2 |     3 ||     5
 Stab: Distracted        |       |     1 |       ||     1
Armor: Robe              |    46 |    74 |    48 ||   168
Dodge: Dodged            |    44 |   108 |    69 ||   221
Block: Kite shield       |    86 |   106 |    45 ||   237
       Reflection        |     1 |       |       ||     1

Table legend: (Time is in decaauts)
 A = Elapsed time spent in this place.
 B = Non-inter-level travel time spent in this place.
 C = Inter-level travel time spent in this place.
 D = Time resting spent in this place.
 E = Time spent auto-exploring this place.
 F = Levels seen in this place.
 G = Mean time per level.
                   A        B        C        D        E       F      G
               +--------+--------+--------+--------+--------+-----+--------+
         Total |   4787 |   4493 |    294 |    121 |   3239 |   7 |  683.9 |
       Dungeon |   4649 |   4355 |    294 |     98 |   3184 |   6 |  774.8 |
         Sewer |    137 |    137 |      0 |     23 |     55 |   1 |  137.0 |
               +--------+--------+--------+--------+--------+-----+--------+

Top non-repeatable levels by time:
     D:5: 1063 daAuts
     D:3: 978 daAuts
     D:1: 849 daAuts
     D:2: 803 daAuts
     D:4: 799 daAuts
     D:6: 155 daAuts
   Sewer: 137 daAuts
